AoeStats
← TlHsn <3

Arabia

509478254Analyzed
3v3 RM · 5d ago on Sep 26, 2026· 48m 17s· 6 players
Game mode
Random Map
Map size
Normal (6 player)
Population
200
Speed
Normal
Resources
Standard
Victory
Conquest
Starting age
Dark Age
Ending age
Imperial Age
RankedLock teamsTeams togetherTeam positionsShared explorationLock speedFull tech treeHidden civsTurbo modeCheats
Victory
Defeat
🇨🇱 Bohemians · Chile
1039
+12
🇨🇱 Turks · Chile
1002
+14
🇨🇱 Spanish · Chile
923
+17
🇹🇷 Hindustanis · Türkiye
977
-15
🇹🇷 Ethiopians · Türkiye
960
-15
🇹🇷 Vietnamese · Türkiye
921
-13
QQMORE
5:05 Loom
9:15 Feudal Age
11:06 Double-Bit Axe
11:10 Horse Collar
17:00 Bloodlines
18:32 Gold Mining
21:47 Castle Age
23:15 Husbandry
25:59 Imperial Age
23:51 Bow Saw
30:02 Wheelbarrow
31:12 Scale Barding Armor
35:03 Forging
35:34 Town Watch
36:55 Iron Casting
36:40 Chain Barding Armor
36:43 Bow Saw
38:01 Heavy Camel Rider
39:21 Plate Barding Armor
40:27 Hand Cart
Franji
11:34 Feudal Age
12:01 Town Watch
12:52 Wheelbarrow
12:14 Horse Collar
12:28 Double-Bit Axe
22:14 Arson
26:36 Castle Age
27:59 Hand Cart
27:44 Town Patrol
27:52 Heavy Plow
28:20 Bow Saw
28:49 Forging
28:39 Scale Mail Armor
28:39 Padded Archer Armor
28:30 Fletching
28:46 Squires
28:49 Pikeman
33:08 Chemistry
32:19 Fortified Wall
32:39 Ballistics
36:24 Iron Casting
36:48 Fletching
37:14 Scale Barding Armor
46:25 Imperial Age
47:59 Houfnice
Jadecito
11:45 Feudal Age
15:37 Loom
16:56 Double-Bit Axe
16:58 Horse Collar
20:48 Castle Age
20:21 Scale Barding Armor
22:16 Chain Barding Armor
23:13 Gold Mining
23:30 Heavy Plow
23:56 Bow Saw
25:46 Forging
28:27 Husbandry
28:38 Bloodlines
30:48 Thumb Ring
31:37 Wheelbarrow
31:06 Fletching
31:22 Padded Archer Armor
32:34 Ballistics
TlHsn <3
3:29 Loom
10:44 Feudal Age
12:32 Gold Mining
21:13 Castle Age
20:22 Padded Archer Armor
20:50 Fletching
21:01 Double-Bit Axe
21:17 Crossbowman
22:50 Wheelbarrow
23:00 Ballistics
26:58 Bow Saw
28:21 Leather Archer Armor
28:01 Bodkin Arrow
30:40 Thumb Ring
31:48 Gold Mining
36:59 Gold Shaft Mining
Lokman.Y
9:44 Loom
14:18 Feudal Age
17:04 Wheelbarrow
23:43 Castle Age
25:51 Squires
25:12 Pikeman
32:39 Imperial Age
34:09 Elite Skirmisher
34:45 Fletching
34:55 Padded Archer Armor
35:06 Forging
34:56 Scale Mail Armor
35:02 Scale Barding Armor
34:53 Imperial Skirmisher
37:16 Chemistry
37:05 Double-Bit Axe
37:02 Horse Collar
36:50 Halberdier
38:37 Gold Mining
40:09 Bow Saw
MY
8:01 Loom
10:05 Feudal Age
11:46 Wheelbarrow
10:54 Horse Collar
11:06 Double-Bit Axe
28:16 Castle Age
28:42 Scale Barding Armor
28:47 Forging
39:03 Chain Barding Armor
39:19 Iron Casting
Connection lost

Rejoining the realm…

Still unreachable

The connection could not be restored.

Session expired

The server has moved on; the page needs a fresh start.